 Dungeon Crawl Stone Soup version 0.24.1-4-ge52af88ad5 (webtiles) character file.

Game seed: 909421501371291025, levelgen mode: deterministic

23828 Peloso the Carver (level 12, -7/110 HPs)
             Began as a Minotaur Fighter on Apr 15, 2020.
             Was a High Priest of Okawaru.
             Mangled by Jorgrun
             ... wielding a +0 quarterstaff of crushing
              (9 damage)
             ... on level 12 of the Dungeon.
             The game lasted 00:33:10 (13205 turns).

Peloso the Carver (Minotaur Fighter)               Turns: 13205, Time: 00:33:11

Health: -7/110     AC: 24    Str: 25    XL:     12   Next: 75%
Magic:  11/12      EV:  7    Int:  5    God:    Okawaru [*****.]
Gold:   534        SH: 16    Dex: 16    Spells: 11/11 levels left

rFire    . . .     SeeInvis .   a - +7 demon blade of Yxzide Pokk {slice, +Inv Dex+5}
rCold    + . .     Gourm    +   c - +0 shield
rNeg     . . .     Faith    .   U - +0 crystal plate armour
rPois    +         Spirit   .   (helmet restricted)
rElec    .         Reflect  .   (no cloak)
rCorr    .         Harm     .   (no gloves)
MR       .....                  (no boots)
Stlth    ..........             L - amulet of the gourmand
HPRegen  0.28/turn              u - ring of protection from cold
MPRegen  0.13/turn              O - ring of poison resistance

@: heroism, grasped by roots, constricted
A: retaliatory headbutt, horns 2
a: Heroism, Finesse, Renounce Religion, Evoke Invisibility


You were on level 12 of the Dungeon.
You worshipped Okawaru.
Okawaru was extremely pleased with you.
You were very full.

You visited 1 branch of the dungeon, and saw 12 of its levels.
You also visited: Sewer and Ossuary.

You collected 750 gold pieces.
You spent 216 gold pieces at shops.

Inventory:

Hand Weapons
 a - the +7 demon blade of Yxzide Pokk (weapon) {slice, +Inv Dex+5}
   (Okawaru gifted it to you on level 10 of the Dungeon)

   It inflicts extra damage upon your enemies.
   It affects your dexterity (+5).
   It lets you turn invisible.
 b - a +1 scimitar of flaming
Armour
 c - a +0 shield (worn)
 h - a +0 plate armour
 y - a +3 plate armour
 R - the +2 leather armour of Valour {MR+ MP+9 Str-5, unknown}
   (You found it on level 11 of the Dungeon)

   It affects your strength (-5).
   It affects your resistance to hostile enchantments.
   It affects your magic capacity (+9).
 U - a +0 crystal plate armour (worn)
Jewellery
 t - a +3 amulet of reflection
 u - a ring of protection from cold (left hand)
 z - an uncursed ring of protection from cold
 E - an uncursed ring of positive energy
 I - an uncursed amulet of magic regeneration
 L - an amulet of the gourmand (around neck)
 O - a ring of poison resistance (right hand)
 Q - an uncursed ring of see invisible {unknown}
 T - a +4 amulet of reflection
 X - a +4 ring of intelligence {unknown}
Wands
 w - a wand of iceblast (30)
 B - a wand of scattershot (5)
 F - a wand of digging (7)
 G - a wand of random effects (30)
 V - a wand of disintegration (13)
Scrolls
 j - 7 scrolls of teleportation
 k - 7 scrolls of remove curse
 m - 2 scrolls of blinking
 n - 3 scrolls of enchant armour
 o - 7 scrolls of enchant weapon
 r - a scroll of magic mapping
 s - a scroll of fear
 x - 2 scrolls of summoning {unknown}
 C - 3 scrolls of fog
 D - a scroll of acquirement
 M - 2 scrolls of amnesia
 P - 2 scrolls of holy word
 S - a scroll of silence
Potions
 d - 3 potions of mutation
 e - 6 potions of haste
 g - 10 potions of curing
 i - 2 potions of cancellation
 l - a potion of berserk rage
 p - 4 potions of flight
 q - a potion of resistance
 v - 4 potions of might
 A - 2 potions of heal wounds
 H - a potion of magic
 J - 3 potions of brilliance
 K - a potion of invisibility
 N - 4 potions of ambrosia
Comestibles
 f - 32 rations


   Skills:
 + Level 11.1(16.1) Fighting
 + Level 14.7(19.7) Long Blades
 + Level 12.1(17.1) Armour
 + Level 2.3(7.3) Dodging
 + Level 0.8(5.8) Stealth
 + Level 13.3(18.3) Shields
 + Level 2.2 Invocations


You had 11 spell levels left.
You didn't know any spells.
Your spell library contained the following spells:

 Spells                   Type           Power        Failure   Level  Hunger
 Animate Skeleton         Necr           N/A          100%        1    ##.....
 Beastly Appendage        Tmut           #.....       100%        1    ##.....
 Pain                     Necr           #...         100%        1    ##.....
 Sandblast                Erth           #.....       100%        1    ##.....
 Shock                    Conj/Air       #...         100%        1    ##.....
 Summon Butterflies       Summ           #.......     100%        1    ##.....
 Passwall                 Tmut/Erth      #.......     100%        2    ###....
 Sticks to Snakes         Tmut           #.......     100%        2    ###....
 Swiftness                Chrm/Air       #.......     100%        2    ###....
 Call Canine Familiar     Summ           #.......     100%        3    ####...
 Regeneration             Chrm/Necr      #.........   100%        3    ####...
 Spider Form              Tmut/Pois      #.........   100%        3    ####...
 Static Discharge         Conj/Air       #.......     100%        3    ####...
 Stone Arrow              Conj/Erth      #.....       100%        3    ####...
 Vampiric Draining        Necr           #.........   100%        3    ####...
 Airstrike                Air            #.........   100%        4    #####..
 Animate Dead             Necr           N/A          100%        4    #####..
 Ice Form                 Ice/Tmut       #.......     100%        4    #####..
 Petrify                  Tmut/Erth      #.......     100%        4    #####..
 Summon Ice Beast         Ice/Summ       #.......     100%        4    #####..
 Blade Hands              Tmut           #.........   100%        5    ######.
 Lee's Rapid Deconstruct  Erth           #.........   100%        5    ######.
 Lightning Bolt           Conj/Air       #.........   100%        5    ######.
 Summon Mana Viper        Hex/Summ       #.......     100%        5    ######.
 Summon Hydra             Summ           #.........   100%        7    #######


Dungeon Overview and Level Annotations

Branches:
Dungeon (12/15)            Temple (0/1) D:5            Lair (0/6) D:9
    Orc (0/2) D:9           Sewer (visited)         Ossuary (visited)

Altars:
Nemelex Xobeh
Okawaru
Ru
Trog
Beogh

Shops:
D:4 }::?   D:6 (   D:12 [([*

Annotations:
D:12 Jorgrun


Innate Abilities, Weirdness & Mutations

You reflexively headbutt those who attack you in melee.
You have a pair of horns on your head.


Message History

Jorgrun casts a spell at you.
The crystal wall shatters!
The blast of crystal shards hits you. The grasping roots constrict you!
You hit Jorgrun.
Jorgrun is severely wounded.
You closely miss Jorgrun. You headbutt Jorgrun, but do no damage.
Jorgrun is severely wounded.
Jorgrun hits you but does no damage. The grasping roots constrict you!
You miss Jorgrun. Your headbutt misses Jorgrun.
Jorgrun is severely wounded.
You closely miss Jorgrun. You headbutt Jorgrun, but do no damage.
Jorgrun is severely wounded.
Jorgrun casts a spell at you. The iron shot hits you!!!
* * * LOW HITPOINT WARNING * * *
x2 The grasping roots constrict you!
You closely miss Jorgrun. You headbutt Jorgrun.
Jorgrun is severely wounded.
Jorgrun hits you with a +0 quarterstaff of crushing!
You die...

#..##.#.###....###.##...#....#..#
...#....# ###...........#....#..#
..##.##.## R#####.......#....#..#
..#..##..# WD...###.....#....#..#
..#......##.......##....#....#..#
..#)###...##..g....##...#....#..#
.##(# #....###......#...#....#..#
.#.(###......#####..##..#....#...
##(.............@gD..#.##....#...
#(..##......###.##.#.#.##..).#..#
....##...##.# #.##...#.##....'..#
.......#.##.###......#.##....#..#
.......................##....#..#
..............##.......##....#..#
#.##.##'########....########.#<..
#.####.........#....#......#.####
#....#.........#....#....#.#.....


You could see Jorgrun and a four-headed hydra.

Vanquished Creatures
  2 hydras (D:12)
  2 centaur warriors (D:12)
  4 two-headed ogres
  A tengu warrior (D:12)
  An unseen horror (D:10)
  2 orc knights (D:12)
  An ugly thing (D:12)
  A deep elf mage (D:12)
  A wolf spider (D:12)
  2 gargoyles
  An efreet (D:12)
  2 yaktaurs (D:12)
  A meliai (D:12)
  A tengu conjurer (D:12)
  3 trolls
  4 slime creatures (D:12)
  Prince Ribbit (D:5)
  A meliai zombie (D:10)
  5 hippogriffs
  A vampire (D:12)
  2 wraiths
  15 yaks
  3 wyverns
  2 hungry ghosts (D:12)
  2 water moccasins (D:9)
  4 sky beasts
  An ice beast (D:8)
  2 black bears
  2 necrophages
  10 orc warriors
  2 eyes of draining
  6 ogres
  8 centaurs
  A big kobold (Sewer)
  8 bullfrogs
  Blork the orc (D:5)
  A gnoll sergeant (D:10)
  A water moccasin zombie (Ossuary)
  Dowan (D:5)
  5 scorpions
  A howler monkey (D:10)
  16 wights
  2 bullfrog zombies
  5 crimson imps
  2 centaur zombies
  2 centaur skeletons (D:12)
  5 jellies
  A bullfrog skeleton (D:10)
  3 orc priests
  5 hounds
  11 orc wizards
  4 iguanas
  19 worker ants
  2 big kobold zombies (Ossuary)
  2 hound zombies
  2 mummies (Ossuary)
  A hound skeleton (D:9)
  A howler monkey zombie (D:10)
  A worker ant zombie (D:7)
  A howler monkey skeleton (D:5)
  9 adders
  11 gnolls
  3 river rats
  4 shadow imps
  5 adder zombies (Ossuary)
  2 adder skeletons
  3 worms
  3 leopard geckos
  70 orcs
  4 ball pythons
  11 giant cockroaches
  2 gnoll zombies (Ossuary)
  9 goblins
  9 hobgoblins
  15 jackals
  4 quokkas
  6 bats
  10 frilled lizards
  2 hobgoblin zombies (Ossuary)
  14 kobolds
  6 kobold zombies (Ossuary)
  2 orc zombies (Ossuary)
  2 quokka skeletons
  15 rats
421 creatures vanquished.

Vanquished Creatures (others)
  Duvessa (D:5)
  A wyvern simulacrum (D:12)
2 creatures vanquished.

Grand Total: 423 creatures vanquished

Notes
Turn   | Place    | Note
-------+----------+-------------------------------------------
     0 | D:1      | Peloso the Minotaur Fighter began the quest for the Orb.
     0 | D:1      | Reached XP level 1. HP: 19/19 MP: 0/0
   125 | D:1      | Reached XP level 2. HP: 23/27 MP: 1/1
   301 | D:1      | Reached skill level 3 in Long Blades
   301 | D:1      | Reached XP level 3. HP: 33/33 MP: 2/2
   741 | D:2      | Found a sparkling altar of Nemelex Xobeh.
   741 | D:2      | Found an iron altar of Okawaru.
   815 | D:2      | Became a worshipper of Warmaster Okawaru
  1194 | D:2      | Reached XP level 4. HP: 40/40 MP: 3/3
  1868 | D:3      | Reached skill level 4 in Long Blades
  1872 | D:3      | Reached XP level 5. HP: 38/47 MP: 4/4
  2457 | D:4      | Reached skill level 5 in Shields
  2487 | D:4      | Found Arghuom's Magic Scroll Shoppe.
  2488 | D:4      | Found Padiax's Book Boutique.
  2497 | D:4      | Bought a scroll of remove curse for 36 gold pieces
  2497 | D:4      | Bought a scroll of enchant armour for 90 gold pieces
  2505 | D:4      | Found Getwi Vythou's Book Shoppe.
  2511 | D:4      | Found a bloodstained altar of Trog.
  2531 | D:4      | Reached * piety under Okawaru
  2531 | D:4      | Reached skill level 5 in Armour
  2694 | D:4      | Noticed an orc warrior
  2717 | D:4      | HP: 2/47 [orc warrior/+0 mace of protection (10)]
  2718 | D:4      | Killed an orc warrior
  2718 | D:4      | Reached skill level 5 in Long Blades
  2718 | D:4      | Reached XP level 6. HP: 2/53 MP: 2/5
  2802 | D:4      | Found Uzudeo's Magic Scroll Shoppe.
  2814 | D:4      | Found Fiezon's Gadget Shoppe.
  2871 | D:4      | Found a sacrificial altar of Ru.
  3013 | D:4      | Bought a scroll of enchant weapon for 90 gold pieces
  3031 | D:5      | Entered Level 5 of the Dungeon
  3050 | D:5      | Noticed Dowan
  3060 | D:5      | Noticed Blork the orc
  3061 | D:5      | Noticed Duvessa
  3062 | D:5      | Killed Dowan
  3062 | D:5      | Reached skill level 6 in Long Blades
  3062 | D:5      | Reached XP level 7. HP: 60/60 MP: 3/6
  3069 | D:5      | Killed Duvessa
  3079 | D:5      | Killed Blork the orc
  3079 | D:5      | Reached skill level 5 in Fighting
  3133 | D:5      | Reached skill level 1 in Dodging
  3188 | D:5      | Reached ** piety under Okawaru
  3212 | D:5      | Found a staircase to the Ecumenical Temple.
  3238 | D:5      | Reached skill level 7 in Long Blades
  3271 | D:5      | Reached XP level 8. HP: 38/68 MP: 7/7
  3897 | D:5      | Noticed Prince Ribbit
  3908 | D:5      | Killed Prince Ribbit
  3908 | D:5      | Reached skill level 8 in Long Blades
  4328 | D:6      | Found Cipofi's Antique Weapon Shoppe.
  4531 | D:6      | Found a glowing drain.
  4546 | Sewer    | Entered a sewer
  4681 | Sewer    | Found a white marble altar of Elyvilon.
  4810 | D:6      | Reached skill level 9 in Long Blades
  4823 | D:6      | Reached XP level 9. HP: 50/78 MP: 6/8
  4929 | D:6      | Reached *** piety under Okawaru
  6046 | D:7      | Found a sand-covered staircase.
  6052 | Ossuary  | Entered an ossuary
  6347 | D:7      | Reached skill level 10 in Long Blades
  6442 | D:7      | Reached **** piety under Okawaru
  7509 | D:9      | Reached skill level 11 in Long Blades
  7582 | D:9      | Found a staircase to the Lair.
  7882 | D:9      | Found a roughly hewn altar of Beogh.
  7892 | D:9      | Reached XP level 10. HP: 86/86 MP: 6/9
  8050 | D:9      | Found a staircase to the Orcish Mines.
  8081 | D:9      | Received a gift from Okawaru
  8263 | D:10     | Entered Level 10 of the Dungeon
  8309 | D:10     | Noticed a two-headed ogre
  8392 | D:9      | Killed a two-headed ogre
  8392 | D:9      | Received a gift from Okawaru
  8631 | D:9      | Reached skill level 10 in Shields
  8728 | D:10     | Noticed a two-headed ogre
  8752 | D:9      | Reached ***** piety under Okawaru
  8752 | D:9      | Reached skill level 1 in Invocations
  9402 | D:10     | Killed a two-headed ogre
  9470 | D:10     | Reached skill level 12 in Long Blades
  9527 | D:10     | Noticed a gargoyle
  9543 | D:10     | Killed a gargoyle
  9543 | D:10     | Received a gift from Okawaru
  9547 | D:10     | Noticed a two-headed ogre
  9562 | D:10     | Killed a two-headed ogre
  9562 | D:10     | Reached skill level 10 in Armour
  9562 | D:10     | Reached XP level 11. HP: 72/95 MP: 11/11
  9571 | D:10     | Killed an unseen horror
  9608 | D:10     | Got a steaming demon blade {god gift}
  9609 | D:10     | Identified the +7 demon blade of Yxzide Pokk {slice, +Inv
                  | Dex+5} (Okawaru gifted it to you on level 10 of the
                  | Dungeon)
 10768 | D:11     | Got a heavily runed leather armour
 10773 | D:11     | Noticed a two-headed ogre
 10781 | D:11     | Killed a two-headed ogre
 10781 | D:11     | Reached skill level 13 in Long Blades
 11058 | D:12     | Received a gift from Okawaru
 11074 | D:12     | Found Xayb's Antique Armour Shop.
 11125 | D:12     | Noticed a tengu warrior
 11139 | D:12     | Noticed a purple ugly thing
 11145 | D:12     | Killed a tengu warrior
 11158 | D:12     | Killed a purple ugly thing
 11412 | D:12     | Noticed a centaur warrior
 11414 | D:12     | Noticed a centaur warrior
 11423 | D:12     | Killed a centaur warrior
 11423 | D:12     | Received a gift from Okawaru
 11429 | D:12     | Killed a centaur warrior
 11429 | D:12     | Reached ****** piety under Okawaru
 11429 | D:12     | Reached XP level 12. HP: 81/105 MP: 10/12
 11572 | D:12     | Reached skill level 14 in Long Blades
 11596 | D:12     | Reached skill level 10 in Fighting
 11626 | D:12     | Found Quch's Assorted Antiques.
 11641 | D:12     | Identified a scroll of acquirement
 11683 | D:12     | Found Qaseett's Weapon Boutique.
 11742 | D:12     | Noticed a four-headed hydra
 11747 | D:12     | Noticed an eight-headed hydra
 11749 | D:12     | Killed a six-headed hydra
 11756 | D:12     | Killed an 11-headed hydra
 12097 | D:12     | Found Ginlaxyi's Armour Emporium.
 12532 | D:12     | Found a sacrificial altar of Ru.
 13187 | D:12     | Noticed a four-headed hydra
 13187 | D:12     | Noticed Jorgrun
 13204 | D:12     | HP: 2/110 [Jorgrun/+0 quarterstaff of crushing (12)]
 13205 | D:12     | Mangled by Jorgrun

Levels and vault maps discovered:
D:1:      dpeg_arrival_snail, layout_rooms, grunt_decor_mini_mirrors,
          kennysheep_boxes
D:2:      layout_loops_corners, gammafunk_temple_overflow_statue,
          dk_noncrumbling_2
D:3:      layout_basic, first_ration
D:4:      layout_rooms, nicolae_ru_path_of_blood, kennysheep_mini_moat,
          serial_shops, shop, shop_scrolls, nicolae_shop_statue_plus, shop, shop
D:5:      layout_loops_ring, minmay_temple_entry_stoned_glass,
          uniq_prince_ribbit1, uniq_duvessa, uniq_blork_the_orc
D:6:      layout_loops_ring, serial_shops, shop, portal_sewer_entry_e
D:7:      layout_basic, enter_ossuary_5, minivault_27, grunt_ogre_cave,
          hangedman_abyss_or_decor_lesser_grid
D:8:      layout_basic, minmay_misc_feat_pillars, kennysheep_flooded_box
D:9:      layout_long_grid, lair_entry_dummy, orc_0_dummy, special_room
          [special_room_orc]
D:10:     minmay_bubble_buster, layout_small_grid
D:11:     layout_irregular_city
D:12:     minmay_swirls_squares, layout_stronghold, serial_shops, shop, shop,
          nicolae_shop_crystal, nicolae_shop_crystal, basic_altar, uniq_jorgrun

Skill      XL: |  1  2  3  4  5  6  7  8  9 10 11 12 |
---------------+-------------------------------------+-----
Armour         | 4 5 6 7 8 10 11 12 | 12.1
Fighting       | 4 5 6 7 8 9 11 | 11.1
Shields        | 4 5 6 7 8 10 12 13 | 13.3
Long Blades    | 3 4 5 6 7 9 11 12 13 14 | 14.7
Dodging        | 1 2 |  2.3
Invocations    | 1 2 |  2.2
Stealth        | |  0.8

Action                   |  1- 3 |  4- 6 |  7- 9 | 10-12 || total
-------------------------+-------+-------+-------+-------++-------
Melee: Long sword        |   103 |   187 |   527 |   243 ||  1060
       Headbutt          |    16 |    41 |   128 |   141 ||   326
       Demon blade       |       |       |       |   326 ||   326
Invok: Heroism           |       |     2 |     6 |    12 ||    20
  Use: Potion            |     2 |     2 |     1 |     3 ||     8
       Scroll            |       |     6 |     4 |    11 ||    21
  Eat: Chunk             |       |     7 |    15 |    30 ||    52
       Ration            |       |       |     1 |       ||     1
Armor: Scale mail        |    23 |       |       |       ||    23
       Plate armour      |    36 |    98 |   173 |   181 ||   488
       Crystal plate arm |       |       |       |    80 ||    80
Dodge: Dodged            |    37 |    38 |    79 |   154 ||   308
Block: Shield            |    67 |    87 |   297 |   421 ||   872
       Reflection        |       |       |     4 |       ||     4
       Rpst.: Long sword |     8 |     5 |    28 |    18 ||    59
       Demon blade       |       |       |       |    18 ||    18
